General information
- name: BNet
- type: Ladder team game (AT/RT)
- host: Battle.net
- saver: BEAR_AND
map: SilverpineForest
- players: 6
- length: 98:51
- speed: Fast
- version: 1.21 W3XP
- replay type:

» download(730 KB)
Players
team 1 (winner)
BEAR_AND (
orange | 106 APM | 10493 actions | 98:51)
9 Blademaster
3 Wind Walk
2 Critical Strike
1 Bladestorm
3 Mirror Image
» actions
| Assign group hotkey | 24 | |
| Basic commands | 11 | |
| Build / train | 122 | |
| Enter build submenu | 72 | |
| Enter hero's abilities submenu | 9 | |
| Give item / drop item | 32 | |
| Remove unit from queue | 10 | |
| Right click | 7309 | |
| Select / deselect | 671 | |
| Select group hotkey | 1744 | |
| Use ability | 482 | |
10493 total
» units
| Peon | 12 | |
| Troll Batrider | 35 | |
| Raider | -4 | |
| Wind Rider | 13 | |
56 total
» upgrades
| Ranged Weapons | 3 | |
| Liquid Fire | 1 | |
| Armor | 2 | |
| Berserker Upgrade | 0 | |
| Troll Regeneration | 1 | |
| Envenomed Spears | 1 | |
8 total
» buildings
| Altar of Storms | 2 | |
| War Mill | 1 | |
| Orc Burrow | 9 | |
| Watch Tower | 57 | |
| Voodoo Lounge | 2 | |
| Stronghold | 1 | |
| Beastiary | 2 | |
| Fortress | 1 | |
| Barracks | 1 | |
| Great Hall | 1 | |
77 total
» build order
00:07 Altar of Storms
00:13 Altar of Storms
00:18 War Mill
00:31 Orc Burrow
01:38 Watch Tower
01:58 Voodoo Lounge
02:20 Watch Tower
03:14 Watch Tower
03:22 Watch Tower
03:46 Orc Burrow
04:20 Stronghold
04:41 Watch Tower
05:04 Watch Tower
05:24 Orc Burrow
05:53 Watch Tower
06:00 Watch Tower
06:35 Orc Burrow
06:53 Beastiary
06:54 Beastiary
07:19 Watch Tower
07:21 Watch Tower
08:38 Fortress
11:48 Watch Tower
11:52 Watch Tower
14:12 Watch Tower
14:26 Watch Tower
15:10 Voodoo Lounge
15:21 Watch Tower
15:55 Watch Tower
17:42 Watch Tower
17:44 Watch Tower
17:45 Watch Tower
20:18 Orc Burrow
20:32 Watch Tower
20:33 Watch Tower
22:13 Watch Tower
22:14 Watch Tower
23:26 Barracks
29:35 Great Hall
29:37 Watch Tower
29:37 Watch Tower
29:40 Watch Tower
29:40 Watch Tower
29:41 Watch Tower
29:42 Watch Tower
29:42 Watch Tower
29:52 Watch Tower
29:54 Watch Tower
29:55 Watch Tower
30:00 Watch Tower
30:00 Watch Tower
30:01 Watch Tower
31:42 Watch Tower
31:43 Watch Tower
31:44 Watch Tower
31:45 Watch Tower
33:14 Watch Tower
34:29 Watch Tower
34:30 Watch Tower
34:31 Watch Tower
34:32 Watch Tower
36:19 Watch Tower
36:20 Watch Tower
36:21 Watch Tower
36:22 Watch Tower
45:59 Watch Tower
45:59 Watch Tower
46:01 Watch Tower
46:02 Watch Tower
46:04 Watch Tower
46:05 Watch Tower
46:07 Watch Tower
46:10 Watch Tower
54:38 Orc Burrow
54:39 Orc Burrow
54:42 Orc Burrow
58:34 Orc Burrow
» items
| Healing Salve | 7 | |
| Lesser Clarity Potion | 14 | |
| Boots of Speed | 1 | |
| Staff of Teleportation | 2 | |
| Orb of Lightning | 1 | |
| Scroll of Town Portal | 2 | |
| Potion of Healing | 1 | |
| Claws of Attack +12 | 3 | |
| Khadgar's Gem of Health | 1 | |
| Gloves of Haste | 1 | |
| Amulet of Spell Shield | 1 | |
34 total
iggy_the_fisk (
red | 100 APM | 9897 actions | 98:51)
7 Archmage
3 Blizzard
3 Brilliance Aura
1 Mass Teleport
7 Mountain King
3 Storm Bolt
3 Bash
1 Avatar
» actions
| Assign group hotkey | 340 | |
| Basic commands | 64 | |
| Build / train | 147 | |
| Enter build submenu | 82 | |
| Enter hero's abilities submenu | 15 | |
| Give item / drop item | 5 | |
| Right click | 4750 | |
| Select / deselect | 695 | |
| Select group hotkey | 3257 | |
| Use ability | 542 | |
9897 total
» units
| Peasant | 17 | |
| Dragonhawk Rider | 20 | |
| Priest | 3 | |
| Sorceress | 1 | |
41 total
» upgrades
| Masonry | 3 | |
| Lumber Harvesting | 2 | |
| Magic Sentry | 1 | |
| Armor | 3 | |
| Animal War Training | 1 | |
| Swords | 3 | |
| Cloud | 1 | |
| Priest Training | 2 | |
| Sorceress Training | 2 | |
18 total
» buildings
| Altar of Kings | 1 | |
| Lumber Mill | 1 | |
| Farm | 14 | |
| Scout Tower | 70 | |
| Arcane Tower | 2 | |
| Guard Tower | 41 | |
| Arcane Vault | 4 | |
| Keep | 5 | |
| Castle | 1 | |
| Gryphon Aviary | 2 | |
| Town Hall | 2 | |
| Blacksmith | 1 | |
| Arcane Sanctum | 1 | |
| Barracks | 1 | |
146 total
» build order
00:08 Altar of Kings
00:18 Lumber Mill
00:21 Farm
01:08 Farm
01:43 Scout Tower
01:49 Scout Tower
02:10 Arcane Tower
02:12 Scout Tower
02:17 Guard Tower
02:21 Scout Tower
03:19 Guard Tower
03:25 Scout Tower
03:41 Arcane Vault
03:56 Guard Tower
04:01 Scout Tower
04:35 Guard Tower
04:38 Scout Tower
05:15 Guard Tower
05:16 Scout Tower
05:50 Keep
05:50 Keep
05:50 Keep
05:59 Guard Tower
05:59 Guard Tower
05:59 Guard Tower
06:00 Guard Tower
06:18 Scout Tower
07:03 Guard Tower
07:07 Farm
08:01 Scout Tower
08:07 Farm
08:13 Castle
08:33 Scout Tower
08:34 Guard Tower
09:21 Guard Tower
09:23 Scout Tower
10:40 Guard Tower
10:42 Scout Tower
10:44 Gryphon Aviary
10:49 Scout Tower
10:52 Scout Tower
10:52 Scout Tower
11:11 Guard Tower
11:13 Scout Tower
11:21 Scout Tower
11:23 Guard Tower
11:24 Guard Tower
11:26 Scout Tower
11:53 Guard Tower
11:54 Scout Tower
12:09 Farm
12:24 Guard Tower
12:26 Scout Tower
12:29 Guard Tower
12:31 Scout Tower
12:35 Arcane Vault
13:26 Guard Tower
15:46 Town Hall
15:49 Scout Tower
16:39 Guard Tower
16:40 Scout Tower
16:42 Scout Tower
16:43 Scout Tower
17:34 Guard Tower
17:39 Scout Tower
17:56 Scout Tower
17:58 Scout Tower
18:00 Scout Tower
18:02 Scout Tower
18:08 Farm
18:39 Guard Tower
18:41 Scout Tower
18:43 Scout Tower
18:58 Scout Tower
20:15 Guard Tower
20:16 Guard Tower
20:22 Blacksmith
20:24 Arcane Sanctum
20:26 Barracks
20:42 Town Hall
20:47 Scout Tower
20:49 Scout Tower
20:50 Scout Tower
20:53 Scout Tower
21:16 Guard Tower
21:18 Scout Tower
21:26 Guard Tower
21:29 Arcane Vault
21:32 Scout Tower
21:33 Scout Tower
22:08 Scout Tower
22:09 Scout Tower
22:10 Scout Tower
22:10 Scout Tower
22:11 Scout Tower
22:12 Scout Tower
22:16 Guard Tower
22:16 Scout Tower
22:17 Scout Tower
22:18 Scout Tower
22:21 Scout Tower
22:22 Scout Tower
22:28 Scout Tower
22:28 Scout Tower
22:29 Scout Tower
22:30 Scout Tower
23:10 Guard Tower
23:26 Guard Tower
23:34 Guard Tower
24:36 Guard Tower
29:48 Guard Tower
29:56 Scout Tower
29:57 Scout Tower
30:02 Scout Tower
30:06 Scout Tower
30:08 Scout Tower
30:09 Scout Tower
30:11 Scout Tower
30:12 Scout Tower
30:14 Scout Tower
30:16 Scout Tower
30:17 Scout Tower
30:47 Guard Tower
31:31 Guard Tower
31:44 Guard Tower
31:46 Arcane Vault
31:59 Guard Tower
32:28 Guard Tower
32:57 Guard Tower
33:16 Scout Tower
33:19 Scout Tower
33:21 Scout Tower
34:38 Guard Tower
35:13 Arcane Tower
42:51 Farm
42:52 Farm
43:00 Farm
43:01 Farm
43:02 Farm
43:03 Farm
43:04 Farm
43:05 Farm
47:24 Gryphon Aviary
» items
| Healing Salve | 2 | |
| Staff of Sanctuary | 2 | |
| Scroll of Regeneration | 6 | |
| Lesser Clarity Potion | 1 | |
| Boots of Speed | 2 | |
| Staff of Teleportation | 2 | |
| Scroll of Town Portal | 7 | |
| Orb of Lightning | 1 | |
23 total
TIMG4STRok (
blue | 66 APM | 6563 actions | 98:51)
6 Archmage
3 Blizzard
2 Brilliance Aura
1 Mass Teleport
6 Pandaren Brewmaster
3 Breath of Fire
2 Drunken Haze
1 Storm Earth and Fire
4 Mountain King
2 Storm Bolt
2 Bash
» actions
| Assign group hotkey | 15 | |
| Basic commands | 160 | |
| Build / train | 165 | |
| Enter build submenu | 80 | |
| Enter hero's abilities submenu | 16 | |
| Give item / drop item | 17 | |
| Remove unit from queue | 1 | |
| Right click | 3290 | |
| Select / deselect | 394 | |
| Select group hotkey | 1899 | |
| Use ability | 524 | |
6563 total
» units
| Peasant | 15 | |
| Dragonhawk Rider | 10 | |
| Gryphon Rider | 18 | |
43 total
» upgrades
| Masonry | 3 | |
| Magic Sentry | 1 | |
| Lumber Harvesting | 2 | |
| Cloud | 1 | |
| Gunpowder | 1 | |
| Armor | 3 | |
| Swords | 3 | |
| Animal War Training | 1 | |
| Plating | 1 | |
| Sorceress Training | 1 | |
| Priest Training | 1 | |
| Control Magic | 1 | |
| Defend | 1 | |
| Long Rifles | 1 | |
| Storm Hammers | 1 | |
| Backpack | 1 | |
23 total
» buildings
| Altar of Kings | 1 | |
| Lumber Mill | 1 | |
| Farm | 15 | |
| Scout Tower | 89 | |
| Arcane Tower | 6 | |
| Guard Tower | 30 | |
| Arcane Vault | 1 | |
| Keep | 1 | |
| Arcane Sanctum | 1 | |
| Town Hall | 1 | |
| Gryphon Aviary | 2 | |
| Castle | 1 | |
| Barracks | 1 | |
| Blacksmith | 1 | |
| Workshop | 1 | |
152 total
» build order
00:29 Altar of Kings
00:32 Lumber Mill
00:43 Farm
01:23 Scout Tower
01:36 Scout Tower
01:50 Arcane Tower
02:07 Farm
02:28 Arcane Tower
02:28 Arcane Tower
02:40 Scout Tower
02:46 Scout Tower
03:37 Guard Tower
03:39 Scout Tower
03:40 Scout Tower
03:42 Guard Tower
03:49 Scout Tower
04:08 Guard Tower
04:46 Guard Tower
04:48 Scout Tower
04:49 Scout Tower
04:54 Arcane Vault
04:56 Guard Tower
05:17 Scout Tower
05:19 Guard Tower
05:27 Keep
05:45 Scout Tower
05:46 Scout Tower
05:53 Scout Tower
05:54 Scout Tower
05:59 Guard Tower
06:00 Scout Tower
06:23 Guard Tower
06:29 Guard Tower
06:30 Scout Tower
07:30 Guard Tower
07:47 Guard Tower
08:00 Scout Tower
08:00 Scout Tower
08:10 Scout Tower
08:11 Scout Tower
08:16 Arcane Sanctum
08:44 Guard Tower
08:59 Scout Tower
09:00 Scout Tower
09:39 Guard Tower
09:53 Scout Tower
09:53 Scout Tower
10:12 Guard Tower
10:15 Scout Tower
10:16 Scout Tower
10:27 Town Hall
10:37 Scout Tower
10:37 Scout Tower
10:39 Scout Tower
10:42 Scout Tower
10:44 Scout Tower
10:47 Scout Tower
10:48 Scout Tower
10:49 Scout Tower
10:50 Scout Tower
10:51 Scout Tower
10:55 Scout Tower
10:58 Scout Tower
10:59 Scout Tower
11:05 Farm
11:29 Arcane Tower
11:31 Guard Tower
11:39 Scout Tower
11:43 Guard Tower
11:46 Gryphon Aviary
11:47 Guard Tower
12:01 Scout Tower
12:01 Scout Tower
12:03 Scout Tower
12:04 Scout Tower
12:36 Guard Tower
12:37 Scout Tower
12:41 Guard Tower
12:45 Scout Tower
12:45 Scout Tower
12:47 Scout Tower
12:48 Scout Tower
12:50 Scout Tower
12:51 Scout Tower
12:54 Scout Tower
12:57 Scout Tower
13:07 Guard Tower
13:13 Guard Tower
13:16 Farm
13:16 Farm
14:17 Guard Tower
14:26 Castle
15:38 Scout Tower
15:39 Scout Tower
15:40 Scout Tower
15:42 Scout Tower
15:43 Scout Tower
15:43 Scout Tower
15:44 Scout Tower
15:49 Guard Tower
15:59 Scout Tower
15:59 Scout Tower
16:00 Scout Tower
16:01 Scout Tower
16:02 Scout Tower
16:02 Scout Tower
16:04 Scout Tower
16:05 Scout Tower
16:07 Scout Tower
18:05 Guard Tower
18:14 Guard Tower
18:43 Guard Tower
18:48 Barracks
18:50 Blacksmith
19:31 Farm
20:21 Guard Tower
20:23 Scout Tower
20:24 Scout Tower
20:25 Scout Tower
20:25 Scout Tower
20:26 Scout Tower
20:27 Scout Tower
20:28 Scout Tower
25:43 Guard Tower
25:44 Farm
25:45 Farm
25:46 Farm
25:46 Farm
25:47 Farm
25:47 Farm
25:49 Farm
25:50 Farm
27:15 Farm
27:17 Gryphon Aviary
33:26 Scout Tower
33:27 Scout Tower
33:27 Scout Tower
35:20 Guard Tower
60:28 Workshop
96:23 Scout Tower
96:23 Scout Tower
96:24 Scout Tower
96:24 Scout Tower
96:25 Scout Tower
96:27 Scout Tower
96:27 Scout Tower
96:29 Scout Tower
96:30 Scout Tower
96:31 Scout Tower
97:46 Guard Tower
» items
| Lesser Clarity Potion | 4 | |
| Healing Salve | 4 | |
| Scroll of Speed | 1 | |
| Staff of Teleportation | 3 | |
| Boots of Speed | 3 | |
| Scroll of Regeneration | 4 | |
| Orb of Lightning | 3 | |
| Staff of Sanctuary | 3 | |
| Pendant of Mana | 2 | |
| Staff of Silence | 1 | |
| Potion of Healing | 1 | |
| Amulet of Spell Shield | 2 | |
| Warsong Battle Drums | 1 | |
| Legion Doom-Horn | 1 | |
| Claws of Attack +12 | 2 | |
| Helm of Valor | 1 | |
| Ancient Janggo of Endurance | 2 | |
38 total
team 2 (loser)
Atomic_Sizzors (
teal | 85 APM | 8385 actions | 98:51)
5 Pandaren Brewmaster
3 Breath of Fire
2 Drunken Haze
5 Keeper of the Grove
3 Entangling Roots
2 Thorns Aura
» actions
| Assign group hotkey | 59 | |
| Basic commands | 153 | |
| Build / train | 144 | |
| Enter build submenu | 59 | |
| Enter hero's abilities submenu | 10 | |
| Give item / drop item | 11 | |
| Remove unit from queue | 1 | |
| Right click | 4294 | |
| Select / deselect | 1354 | |
| Select group hotkey | 1992 | |
| Use ability | 308 | |
8385 total
» units
| Wisp | 51 | |
| Archer | 9 | |
| Druid of the Talon | 14 | |
| Dryad | 9 | |
| Chimaera | 5 | |
88 total
» upgrades
| Improved Bows | 1 | |
| Druid of the Talon Training | 2 | |
| Nature's Blessing | 1 | |
| Strength of the Wild | 3 | |
| Reinforced Hides | 3 | |
| Corrosive Breath | 1 | |
| Mark of the Talon | 1 | |
| Ultravision | 1 | |
| Abolish Magic | 1 | |
| Well Spring | 1 | |
15 total
» buildings
| Moon Well | 11 | |
| Ancient of War | 2 | |
| Altar of Elders | 1 | |
| Tree of Ages | 1 | |
| Ancient of Wonders | 4 | |
| Hunter's Hall | 1 | |
| Ancient of Lore | 3 | |
| Tree of Life | 2 | |
| Ancient of Wind | 2 | |
| Ancient Protector | 19 | |
| Tree of Eternity | 1 | |
| Chimaera Roost | 2 | |
49 total
» build order
00:07 Moon Well
00:20 Ancient of War
01:07 Altar of Elders
01:47 Moon Well
02:32 Ancient of War
03:37 Tree of Ages
04:06 Moon Well
05:11 Ancient of Wonders
05:23 Moon Well
05:48 Hunter's Hall
07:37 Ancient of Lore
08:16 Ancient of Wonders
08:27 Ancient of Wonders
09:48 Tree of Life
10:05 Ancient of Wind
11:36 Ancient of Wind
12:51 Ancient Protector
12:55 Ancient Protector
13:25 Ancient Protector
14:52 Ancient Protector
15:30 Tree of Life
15:49 Ancient Protector
15:54 Ancient Protector
16:19 Ancient Protector
16:42 Moon Well
17:02 Tree of Eternity
17:43 Moon Well
18:25 Ancient of Wonders
18:31 Ancient Protector
18:35 Ancient Protector
19:32 Chimaera Roost
20:30 Ancient Protector
21:07 Chimaera Roost
22:07 Ancient Protector
22:36 Ancient Protector
23:18 Ancient Protector
23:19 Ancient Protector
23:25 Ancient Protector
25:35 Ancient Protector
25:38 Ancient Protector
27:05 Ancient of Lore
27:07 Ancient of Lore
27:19 Moon Well
29:30 Ancient Protector
29:35 Ancient Protector
30:14 Moon Well
30:16 Moon Well
40:19 Moon Well
40:31 Moon Well
» items
| Boots of Speed | 1 | |
| Dust of Appearance | 2 | |
| Potion of Healing | 6 | |
| Moonstone | 1 | |
| Scroll of Town Portal | 6 | |
| Staff of Preservation | 1 | |
| Staff of Teleportation | 1 | |
| Scroll of Healing | 3 | |
| Potion of Greater Healing | 1 | |
| Sentry Wards | 2 | |
| Staff of Silence | 1 | |
| Staff of Sanctuary | 1 | |
26 total

»
ccou (
yellow | 57 APM | 5596 actions | 98:51)
3 Archmage
2 Blizzard
1 Brilliance Aura
2 Paladin
1 Holy Light
1 Divine Shield
3 Mountain King
2 Storm Bolt
1 Bash
» actions
| Assign group hotkey | 231 | |
| Basic commands | 915 | |
| Build / train | 191 | |
| ESC pressed | 9 | |
| Enter build submenu | 77 | |
| Enter hero's abilities submenu | 8 | |
| Give item / drop item | 9 | |
| Remove unit from queue | 18 | |
| Right click | 2440 | |
| Select / deselect | 883 | |
| Select group hotkey | 545 | |
| Use ability | 270 | |
5596 total
» units
| Peasant | 20 | |
| Footman | 6 | |
| Dragonhawk Rider | 11 | |
| Mortar Team | 5 | |
| Flying Machine | 6 | |
| Gryphon Rider | 4 | |
| Rifleman | 1 | |
| Siege Engine | 11 | |
64 total
» upgrades
| Defend | 1 | |
| Lumber Harvesting | 2 | |
| Magic Sentry | 1 | |
| Masonry | 3 | |
| Cloud | 1 | |
| Flak Cannons | 1 | |
| Gunpowder | 3 | |
| Plating | 3 | |
| Flare | 1 | |
| Fragmentation Shards | 1 | |
| Barrage | 1 | |
| Swords | 2 | |
| Armor | 1 | |
| Storm Hammers | 1 | |
22 total
» buildings
| Altar of Kings | 1 | |
| Barracks | 1 | |
| Farm | 18 | |
| Blacksmith | 2 | |
| Lumber Mill | 1 | |
| Scout Tower | 35 | |
| Arcane Tower | 4 | |
| Keep | 2 | |
| Arcane Vault | 2 | |
| Workshop | 3 | |
| Gryphon Aviary | 2 | |
| Town Hall | 2 | |
| Arcane Sanctum | 1 | |
| Castle | 2 | |
| Guard Tower | 26 | |
102 total
» build order
00:09 Altar of Kings
00:21 Barracks
00:34 Farm
01:04 Farm
01:43 Blacksmith
02:12 Lumber Mill
02:27 Scout Tower
02:30 Scout Tower
03:25 Arcane Tower
03:25 Arcane Tower
04:19 Keep
04:22 Farm
05:29 Arcane Vault
07:07 Workshop
07:09 Workshop
07:24 Workshop
07:45 Scout Tower
07:49 Scout Tower
08:17 Farm
08:29 Gryphon Aviary
08:42 Town Hall
08:49 Farm
09:15 Arcane Sanctum
09:28 Farm
10:16 Castle
11:50 Blacksmith
11:51 Scout Tower
12:43 Guard Tower
12:43 Guard Tower
13:08 Scout Tower
13:10 Scout Tower
13:12 Scout Tower
13:19 Scout Tower
13:25 Guard Tower
13:26 Guard Tower
13:33 Scout Tower
13:52 Guard Tower
13:56 Arcane Vault
14:11 Farm
14:13 Farm
15:40 Scout Tower
16:03 Guard Tower
16:04 Guard Tower
16:11 Guard Tower
16:44 Guard Tower
17:14 Scout Tower
17:56 Scout Tower
18:00 Scout Tower
18:53 Guard Tower
18:54 Scout Tower
18:56 Scout Tower
19:34 Guard Tower
20:08 Arcane Tower
20:26 Scout Tower
21:40 Guard Tower
21:41 Scout Tower
21:42 Scout Tower
21:43 Scout Tower
21:45 Scout Tower
22:19 Town Hall
22:27 Guard Tower
23:33 Scout Tower
23:57 Farm
23:58 Farm
24:00 Farm
24:14 Guard Tower
24:37 Guard Tower
25:03 Scout Tower
25:05 Guard Tower
26:17 Guard Tower
26:18 Scout Tower
32:50 Gryphon Aviary
55:48 Farm
55:53 Farm
55:55 Farm
67:54 Scout Tower
69:08 Scout Tower
69:09 Guard Tower
69:14 Scout Tower
69:17 Scout Tower
69:55 Scout Tower
69:56 Scout Tower
69:58 Scout Tower
70:00 Guard Tower
70:01 Guard Tower
70:26 Scout Tower
70:28 Scout Tower
70:32 Scout Tower
70:33 Guard Tower
70:35 Scout Tower
71:35 Guard Tower
84:58 Farm
85:11 Farm
85:30 Farm
85:40 Farm
» items
| Scroll of Regeneration | 4 | |
| Lesser Clarity Potion | 1 | |
| Ivory Tower | 9 | |
| Scroll of Town Portal | 3 | |
| Potion of Healing | 5 | |
| Orb of Fire | 1 | |
| Staff of Sanctuary | 3 | |
26 total
devone23 (
green | 130 APM | 12871 actions | 98:51)
4 Blood Mage
1 Flame Strike
2 Banish
1 Siphon Mana
3 Mountain King
2 Storm Bolt
1 Thunder Clap
2 Archmage
1 Summon Water Elemental
1 Brilliance Aura
» actions
| Assign group hotkey | 153 | |
| Basic commands | 456 | |
| Build / train | 151 | |
| ESC pressed | 5 | |
| Enter build submenu | 52 | |
| Enter hero's abilities submenu | 10 | |
| Give item / drop item | 4 | |
| Right click | 5603 | |
| Select / deselect | 1165 | |
| Select group hotkey | 5013 | |
| Use ability | 257 | |
12871 total
» units
| Peasant | 20 | |
| Footman | 12 | |
| Gryphon Rider | 30 | |
| Dragonhawk Rider | 13 | |
| Siege Engine | 9 | |
84 total
» upgrades
| Masonry | 3 | |
| Storm Hammers | 1 | |
| Swords | 1 | |
| Gunpowder | 3 | |
| Plating | 3 | |
| Magic Sentry | 1 | |
| Barrage | 1 | |
| Cloud | 1 | |
14 total
» buildings
| Barracks | 2 | |
| Altar of Kings | 1 | |
| Farm | 15 | |
| Scout Tower | 19 | |
| Lumber Mill | 1 | |
| Keep | 4 | |
| Guard Tower | 10 | |
| Castle | 5 | |
| Blacksmith | 1 | |
| Arcane Vault | 2 | |
| Gryphon Aviary | 3 | |
| Town Hall | 1 | |
| Arcane Tower | 2 | |
| Workshop | 4 | |
| Arcane Sanctum | 1 | |
71 total
» build order
00:22 Barracks
00:38 Altar of Kings
00:59 Farm
01:04 Farm
01:28 Scout Tower
01:38 Farm
01:54 Farm
02:11 Lumber Mill
02:26 Barracks
02:31 Farm
03:36 Keep
03:36 Keep
03:36 Keep
03:36 Keep
03:56 Guard Tower
05:57 Castle
05:57 Castle
05:57 Castle
06:03 Blacksmith
06:32 Arcane Vault
07:43 Farm
08:27 Gryphon Aviary
08:30 Gryphon Aviary
08:33 Gryphon Aviary
08:53 Farm
09:04 Town Hall
09:24 Scout Tower
09:53 Scout Tower
09:54 Scout Tower
09:54 Scout Tower
09:58 Arcane Tower
10:04 Farm
11:20 Guard Tower
11:22 Arcane Tower
11:25 Guard Tower
12:46 Scout Tower
12:48 Scout Tower
13:03 Farm
13:04 Farm
13:27 Guard Tower
13:29 Scout Tower
14:36 Guard Tower
14:46 Farm
18:52 Farm
23:27 Scout Tower
23:30 Scout Tower
23:39 Farm
23:40 Farm
24:18 Farm
24:41 Scout Tower
24:42 Scout Tower
25:30 Guard Tower
25:30 Guard Tower
25:32 Scout Tower
26:23 Guard Tower
26:50 Guard Tower
26:51 Scout Tower
27:16 Arcane Vault
32:05 Workshop
32:05 Workshop
32:06 Workshop
32:07 Workshop
35:57 Arcane Sanctum
37:58 Scout Tower
38:02 Scout Tower
39:28 Scout Tower
39:31 Scout Tower
39:33 Scout Tower
» items
| Staff of Teleportation | 2 | |
| Staff of Sanctuary | 2 | |
| Lesser Clarity Potion | 1 | |
| Scroll of Protection | 1 | |
| Scroll of Healing | 1 | |
| Scroll of Regeneration | 1 | |
| Dust of Appearance | 1 | |
| Sentry Wards | 2 | |
| Boots of Speed | 2 | |
13 total
Chat log
(00:24 / All) TIMG4STRok: ima gonna talk a shit on u
(00:44 / All) iggy_the_fisk: oh :) hey
(00:48 / All) BEAR_AND: 1 sec
(00:49 / All) TIMG4STRok: brb
(00:51 / All) BEAR_AND: Pissza
(00:53 / All) devone23: u get 3
(00:54 / All) BEAR_AND: ty
(01:08 / All) devone23: that's all folks
(01:10 / All) BEAR_AND: bad manner
(01:13 / All) BEAR_AND: baaaaaaaad manner
(01:14 / All) iggy_the_fisk: bad manner
(01:15 / All) devone23: u
(01:20 / All) devone23: dont play if u cant stay
(01:20 / All) iggy_the_fisk: you have chosen bad manner
(01:23 / All) iggy_the_fisk: enjoy this game
(01:25 / All) iggy_the_fisk: (u wont)
(01:33 / All) BEAR_AND: u make your bed
(01:34 / All) BEAR_AND: now lie in it
(01:36 / All) Atomic_Sizzors: it's just going to be human towers.
(01:43 / All) BEAR_AND: the noob bed
(01:43 / All) Atomic_Sizzors: it's always a good time
(01:46 / All) TIMG4STRok: nah is going to be human dicks, in your ass
(02:02 / All) BEAR_AND: have a seat....in....the noob bed
(02:18 / All) TIMG4STRok: u wannan orc dick in, your ass
(05:13 / All) iggy_the_fisk: WOW u noob
(05:14 / All) iggy_the_fisk: leave
(05:22 / All) TIMG4STRok: fureakin poalelel
(05:23 / All) devone23: noob that
(05:27 / All) iggy_the_fisk: Owned
(05:37 / All) iggy_the_fisk: Owned again
(05:42 / All) iggy_the_fisk: leave
(06:52 / All) iggy_the_fisk: sweet surr noob
(06:54 / All) iggy_the_fisk: holy shit
(06:58 / All) iggy_the_fisk: 12 footmen can't make a surr
(06:58 / All) iggy_the_fisk: quit
(07:32 / All) devone23: u can't count buddy
(07:35 / All) devone23: that's not 12
(07:55 / All) iggy_the_fisk: Nope
(09:34 / All) iggy_the_fisk: holy shit noob
(15:43 / All) BEAR_AND: ty
(15:46 / All) devone23: np
(17:23 / All) iggy_the_fisk: LEAVE NOOBS
(19:10 / All) iggy_the_fisk: QUIT NOOBS
(19:20 / All) TIMG4STRok: begone swinge
(19:54 / All) iggy_the_fisk: QUIT
(20:12 / All) iggy_the_fisk: NOE
(22:50 / All) iggy_the_fisk: NOOBS NOOBS NOOBS NOOBS NOOBS
(26:15 / All) iggy_the_fisk: NOOOBS
(26:18 / All) TIMG4STRok: gg
(26:42 / All) iggy_the_fisk: NOOBS
(27:55 / All) iggy_the_fisk: Shitnoobs
(28:10 / All) iggy_the_fisk: Sweet play
(28:12 / All) BEAR_AND: lmao
(28:16 / All) TIMG4STRok: hoyl crap ur abd
(29:10 / All) iggy_the_fisk: we told you noobs to quit
(29:11 / All) iggy_the_fisk: Leafe
(33:01 / All) iggy_the_fisk: LEAVE HOLY SHIT YOU SUCK
(34:31 / All) iggy_the_fisk: damn first hero i lose this game
(34:33 / All) iggy_the_fisk: how bout u?
(34:48 / All) iggy_the_fisk: maybe i should rally my altar to your towers
(34:52 / All) iggy_the_fisk: even things out
(35:30 / All) TIMG4STRok: afk gonna eat dinner hold on plz
(35:36 / All) TIMG4STRok: wait i brb 15 min
(46:01 / All) TIMG4STRok: hail and eat my shit
(46:21 / All) TIMG4STRok: hey
(46:23 / All) TIMG4STRok: Stupids
(46:27 / All) TIMG4STRok: did you attack while i was gone
(46:31 / All) TIMG4STRok: you should have,
(49:16 / All) TIMG4STRok: suck on my IDCK!!
(66:44 / All) TIMG4STRok: holy noob shit
(67:51 / All) TIMG4STRok: noobs leave NOW!
(68:09 / All) BEAR_AND: u have no chance to win
(68:12 / All) TIMG4STRok: im crapeng my pants im luagh so hard
(68:17 / All) BEAR_AND: take this time to visit http://highper.ch/win
(68:27 / All) BEAR_AND: if you would like to purchase your victory for the low price of $3 USD
(71:30 / All) BEAR_AND: damn you guys are shit noob
(82:33 / All) BEAR_AND: bye
(82:33 / All) BEAR_AND: quit
(82:36 / All) BEAR_AND: ragequit
(82:38 / All) BEAR_AND: cease to play
(82:51 / All) BEAR_AND: nice bof
(84:09 / All) TIMG4STRok: rofl, pow
(84:11 / All) BEAR_AND: lmfao
(84:12 / All) BEAR_AND: ownage
(86:55 / All) BEAR_AND: u boys ready to win?
(86:58 / All) BEAR_AND: want us to leave?
(87:52 / All) BEAR_AND: flee
(87:56 / All) iggy_the_fisk: probably your most successful attack this game
(87:58 / All) BEAR_AND: steams to me.....you have lost
(88:46 / All) BEAR_AND: leave
(88:56 / All) BEAR_AND: expel thineselves
(89:24 / All) iggy_the_fisk: hope you enjoyed your bad manner game shitnoobs
(89:33 / All) BEAR_AND: this is what happens....when you unpause
(93:08 / All) BEAR_AND: nope
(95:58 / All) BEAR_AND: you going to turtle vs 300food air?
(96:03 / All) BEAR_AND: gl hf
(97:40 / All) BEAR_AND: no you may not hide a tree
(97:45 / All) BEAR_AND: gg
(97:46 / All) BEAR_AND: gg
(97:46 / All) BEAR_AND: gg
(97:47 / All) BEAR_AND: gg
(97:47 / All) BEAR_AND: gg
(97:48 / All) BEAR_AND: gg
(97:49 / All) BEAR_AND: gg
(97:50 / All) TIMG4STRok: gg
(97:52 / All) BEAR_AND: shit noobs
(98:09 / All) TIMG4STRok: gg
(98:10 / All) BEAR_AND: bye
(98:43 / All) BEAR_AND: nah
(98:49 / All) BEAR_AND: gg
(98:50 / All) BEAR_AND: bye